 Dungeon Crawl Stone Soup version 0.28-a0-1382-g92835e5c71 (webtiles) character file.

Game seed: 15606558706702850992

156 rogsnak the Gusty (level 5, -4/35 HPs)
             Began as a Demonspawn Air Elementalist on Jan 2, 2022.
             Slain by a water moccasin skeleton (5 damage)
             ... on level 4 of the Dungeon.
             The game lasted 00:06:56 (4527 turns).

rogsnak the Gusty (Demonspawn Air Elementalist)     Turns: 4527, Time: 00:06:57

Health: -4/35      AC:  3    Str:  9    XL:     5   Next: 14%
Magic:  0/9        EV: 12    Int: 18    God:
Gold:   213        SH:  4    Dex: 13    Spells: 9/10 levels left

rFire   . . .      SeeInvis .   k - +0 flail
rCold   . . .      Faith    .   (no shield)
rNeg    . . .      Spirit   .   a - +0 robe
rPois   .          Reflect  .   (no helmet)
rElec   .          Harm     .   z - +0 cloak
rCorr   +          Rampage  .   (no gloves)
Will    .....                   (no boots)
Stlth   ++........              (no amulet)
HPRegen 0.11/turn               e - ring of resist corrosion
MPRegen 0.11/turn               (no ring)

@: no status effects
A: claws 2, large bone plates 1
a: no special abilities


You were on level 4 of the Dungeon.
You visited 1 branch of the dungeon, and saw 4 of its levels.

You collected 213 gold pieces.

Inventory:

Hand Weapons
 h - a +0 dagger
 k - a +0 flail (weapon)
 l - a +0 dagger of freezing
Armour
 a - a +0 robe (worn)
 q - a scarf of harm
 z - a +0 cloak (worn)
Jewellery
 e - a ring of resist corrosion (left claw)
 p - a ring of fire
 s - a ring of fire
 v - a ring of magical power
Wands
 y - a wand of mindburst (16)
Scrolls
 b - a scroll of enchant weapon {unknown}
 c - 2 scrolls of magic mapping {unknown}
 i - a scroll of immolation {unknown}
 n - 2 scrolls of noise {unknown}
 x - a scroll of enchant armour {unknown}
Potions
 d - a potion of magic {unknown}
 f - a potion of flight {unknown}
 g - 2 potions of resistance {unknown}
 j - 2 potions of degeneration {unknown}
 m - a potion of invisibility {unknown}
 o - a potion of lignification {unknown}
 r - a potion of brilliance {unknown}
 t - a potion of attraction {unknown}
 u - a potion of might {unknown}
 w - 2 potions of curing {unknown}


   Skills:
 + Level 0.2 Fighting
 + Level 2.1 Dodging
 - Level 1.7 Stealth
 + Level 0.1 Shields
 + Level 3.3 Spellcasting
 * Level 2.7 Conjurations
 + Level 3.5 Air Magic


You had 9 spell levels left.
You knew the following spells:

 Your Spells              Type           Power      Damage    Failure   Level
a - Shock                 Conj/Air       56%        1d6       4%          1

Your spell library contained the following spells:

 Spells                   Type           Power      Damage    Failure   Level
 Static Discharge         Conj/Air       14%        N/A       6%          2
 Swiftness                Air            15%        N/A       11%         3
 Ensorcelled Hibernation  Hex/Ice        4%         N/A       24%         2
 Airstrike                Air            7%         N/A       36%         4
 Confusing Touch          Hex            2%         N/A       43%         3
 Fulminant Prism          Conj/Hex       3%         3d6       65%         4
 Sticky Flame             Conj/Fire      7%         2d3       65%         4
 Ice Form                 Ice/Tmut       2%         N/A       85%         4
 Blade Hands              Tmut           1%         N/A       99%         5
 Enfeeble                 Hex            1%         N/A       100%        7


Dungeon Overview and Level Annotations

Branches:
Dungeon (4/15)
 Temple: D:4-7

Altars:
Makhleb

Shops:
D:3 *

Annotations:
D:3 wall cache


Innate Abilities, Weirdness & Mutations

You have very sharp fingernails.
You are partially covered in large bone plates. (SH +4)


Message History

The water moccasin skeleton is moderately damaged.
The zap hits the water moccasin skeleton.
The water moccasin skeleton is heavily damaged.
The water moccasin skeleton barely misses you.
Casting: Shock (safe; 4% risk of failure)
Confirm with . or Enter, or press ? or * to list all spells.
Aiming: Shock (safe; 4% risk of failure)
Press: ? - help, Shift-Dir - straight line The zap hits the water moccasin skeleton.
The water moccasin skeleton is heavily damaged.
The zap hits the water moccasin skeleton.
The water moccasin skeleton is severely damaged.
The water moccasin skeleton completely misses you.
Casting: Shock (safe; 4% risk of failure)
Confirm with . or Enter, or press ? or * to list all spells.
Aiming: Shock (safe; 4% risk of failure)
Press: ? - help, Shift-Dir - straight line The zap misses the water moccasin skeleton. x2
You block the water moccasin skeleton's attack.
Unknown command.
Casting: Shock (safe; 4% risk of failure)
Confirm with . or Enter, or press ? or * to list all spells.
Aiming: Shock (safe; 4% risk of failure)
Press: ? - help, Shift-Dir - straight line The zap hits the water moccasin skeleton.
The water moccasin skeleton is severely damaged.
The zap hits the water moccasin skeleton.
The water moccasin skeleton is severely damaged.
The water moccasin skeleton bites you.
* * * LOW HITPOINT WARNING * * *
The water moccasin skeleton bites you.
* * * LOW HITPOINT WARNING * * *
Unknown command.
Casting: Shock (safe; 4% risk of failure)
Confirm with . or Enter, or press ? or * to list all spells.
You don't have enough magic to cast this spell.
You hit the water moccasin skeleton.
The water moccasin skeleton is almost destroyed.
The water moccasin skeleton bites you.
You die...

##.. .... #......
#...##.... ........
..##......... ........
..#.......#.. .....[.
..........#.. #....#
##Z..........# #....#
...#....)....# #....###.#
#Z.......# #..@Z..#
#...†....# .
##...######.Z.......
....##....!..#..........
.........................
......#.#.#.#.#.#.>......
#......#.#.#.#.#.#....#..
##....#.#.#.#.#.#....###.
#......#.#.#.#.#.#..## #†
##..#.#.#.#.#.#.#...# #.


You could see a water moccasin skeleton.

Vanquished Creatures
  An iguana (D:4)
  3 gnolls
  3 adders (D:2)
  8 orcs
  4 ball pythons
  6 bats
  4 endoplasms
  A giant cockroach (D:1)
  8 hobgoblins
  2 jackals (D:1)
  2 kobolds
  4 quokkas
  3 frilled lizards
  7 goblins
  7 rats
63 creatures vanquished.

Vanquished Creatures (others)
  2 plants (D:1)
2 creatures vanquished.

Grand Total: 65 creatures vanquished

Notes
Turn   | Place    | Note
-------+----------+-------------------------------------------
     0 | D:1      | rogsnak the Demonspawn Air Elementalist began the quest for
                  | the Orb.
     0 | D:1      | Reached XP level 1. HP: 13/13 MP: 3/3
   403 | D:1      | Gained mutation: You are partially covered in large bone
                  | plates. (SH +4) [demonic ancestry]
   403 | D:1      | Reached XP level 2. HP: 19/19 MP: 1/5
  1054 | D:1      | Found a faded altar of an unknown god.
  1540 | D:1      | Gained mutation: You have sharp fingernails. [demonic
                  | ancestry]
  1540 | D:1      | Reached XP level 3. HP: 1/24 MP: 0/6
  2592 | D:2      | Gained mutation: You have very sharp fingernails. [demonic
                  | ancestry]
  2592 | D:2      | Reached XP level 4. HP: 30/30 MP: 4/8
  3295 | D:2      | Got the Disquisition on Transmutation
  4139 | D:3      | Found a burning altar of Makhleb.
  4246 | D:3      | Found Giremuc's General Store.
  4477 | D:4      | HP: 1/30 [iguana (1)]
  4480 | D:4      | Reached XP level 5. HP: 1/35 MP: 0/9
  4489 | D:4      | Got the Almanac of the Bewitching Arsonist
  4526 | D:4      | HP: 1/35 [water moccasin skeleton (3)]
  4527 | D:4      | Slain by a water moccasin skeleton

Illustrated notes

Levels and vault maps discovered:
D:1:      giann_bridges, layout_loops_corners,
          shapermc_ecumenical_altar_mp_ritualfount, chequers_mini_garden,
          fountainhead, minmay_pentomino_s4
D:2:      layout_basic
D:3:      layout_loops_ring, general_overflow_altar, serial_shops, shop_statue,
          chequers_serial_rivers_large_b
D:4:      layout_cave_pools, nicolae_ossuary_entry_ruins, minivault_23

Skill      XL: |  1  2  3  4 |
---------------+-------------+-----
Dodging        | 2 |  2.1
Air Magic      | 3 |  3.5
Conjurations   | 2 |  2.7
Spellcasting   | 3 |  3.3
Fighting       | |  0.2
Stealth        | |  1.7
Shields        | |  0.1

Action                   |  1- 3 |  4- 6 || total
-------------------------+-------+-------++-------
Melee: Unarmed           |    22 |       ||    22
       Dagger            |     4 |       ||     4
       Flail             |     2 |    15 ||    17
 Cast: Shock             |    70 |    78 ||   148
Armor: Robe              |     6 |     2 ||     8
Dodge: Dodged            |    24 |     9 ||    33
Block: Other             |     5 |     3 ||     8

Table legend: (Time is in decaauts)
 A = Elapsed time spent in this place.
 B = Non-inter-level travel time spent in this place.
 C = Inter-level travel time spent in this place.
 D = Time resting spent in this place.
 E = Time spent auto-exploring this place.
 F = Levels seen in this place.
 G = Mean time per level.
                   A        B        C        D        E       F      G
               +--------+--------+--------+--------+--------+-----+--------+
         Total |   4564 |   4435 |    129 |   1033 |   2888 |   4 | 1141.0 |
       Dungeon |   4564 |   4435 |    129 |   1033 |   2888 |   4 | 1141.0 |
               +--------+--------+--------+--------+--------+-----+--------+

Top non-repeatable levels by time:
     D:1: 2246 daAuts
     D:2: 1148 daAuts
     D:3: 991 daAuts
     D:4: 177 daAuts
